Map: Rhoskallian LE

Players

xBenx - Winner!

  • Race: Zerg Zerg
  • League: Gold
  • Spawn Location: 11:00

WarpigxxxL - Winner!

  • Race: Zerg Zerg
  • Spawn Location: 12:00

Bidonooa

  • Race: Protoss Protoss
  • Spawn Location: 6:00

yalexand

  • Race: Terran Terran
  • Spawn Location: 5:00

VOD

Have the link to the VOD?

Description

xBenx, WarpigxxxL vs yalexand, Bidonooa

Time

  • Played on: April 10, 2024, 5:07 p.m.
  • Length: 11:09
Show
View Real Time Build Order
Export as new Build Order

xBenx Zerg - Winner!

Build Orders: Hatch First 

Get SALT Encoding   

  12  0:02  Drone  
  13  0:14  Overlord  
  13  0:26  Drone  
  14  0:33  Drone x2  
  16  0:39  Drone  
  17  0:55  Drone  
  18  1:04  Hatchery  
  17  1:11  Drone  
  17  1:12  Drone  
  19  1:25  Drone  
  19  1:28  Extractor  
  19  1:30  Spawning Pool  
  18  1:34  Drone  
  19  1:53  Drone x2  
  21  2:15  Extractor  
  20  2:27  Drone x3  
  20  2:28  Drone x2  
  20  2:29  Queen  
  27  3:00  Drone  
  27  3:01  Overlord x5  
  28  3:12  Extractor  
  27  3:13  Queen  
  27  3:14  Roach Warren  
  28  3:21  Lair  
  28  3:23  Drone x2  
  30  3:33  Zergling x6  
  33  3:46  Zergling x2  
  34  3:50  Metabolic Boost  
  34  4:01  Hatchery  
  33  4:07  Drone x2  
  33  4:08  Drone  
  36  4:10  Spore Crawler  
  36  4:11  Spore Crawler  
  34  4:21  Glial Reconstitution  
  34  4:23  Roach x2  
  38  4:29  Hydralisk Den  
  37  4:31  Drone  
  38  4:45  Grooved Spines  
  38  4:58  Nydus Network  
  36  5:07  Hydralisk x2  
  40  5:22  Drone x6  
  40  5:24  Drone x2  
  40  5:25  Extractor  
  40  5:26  Queen  
  49  5:34  Evolution Chamber  
  48  5:36  Nydus Canal  
  48  5:42  Drone  
  49  5:48  Hydralisk x2  
  53  5:59  Zerg Missile Weapons Level 1  
  53  6:05  Nydus Canal  
  53  6:08  Drone x2  
  55  6:11  Drone x3  
  55  6:14  Muscular Augments  
  55  6:15  Drone x3  
  55  6:17  Drone x2  
  63  6:31  Nydus Canal  
  63  6:38  Drone  
  64  6:41  Extractor  
  64  6:42  Drone x3  
  66  6:47  Drone x2  
  66  6:48  Hydralisk  
  66  6:49  Hydralisk  
  72  7:05  Evolution Chamber  
  72  7:06  Drone  
  72  7:07  Drone  
  73  7:09  Overlord  
  73  7:10  Overlord x4  
  73  7:11  Extractor  
  73  7:13  Overseer  
  72  7:23  Spore Crawler  
  72  7:27  Spore Crawler  
  70  7:31  Spore Crawler, Hydralisk x2  
  70  7:32  Hydralisk x4  
  81  7:42  Nydus Canal  
  81  7:44  Pneumatized Carapace  
  81  7:46  Drone x3  
  84  8:00  Overlord x2  
  84  8:08  Nydus Canal  
  83  8:17  Hatchery  
  80  8:30  Nydus Canal  
  80  8:31  Zergling x2, Hydralisk  
  80  8:32  Roach, Zergling x8, Hydralisk x2  
  80  8:33  Roach, Zergling x8, Hydralisk  
  94  8:44  Nydus Canal  
  77  9:00  Nydus Canal  
  76  9:09  Overseer x2  
  76  9:12  Zerg Ground Armor Level 1  
  76  9:14  Drone x2  
  76  9:15  Drone  
  76  9:17  Drone x3  
  81  9:19  Burrow  
  81  9:21  Extractor  
  76  9:41  Hydralisk x6  
  88  9:46  Queen x3  
  90  10:01  Nydus Canal  
  83  10:22  Nydus Canal  
  83  10:25  Hydralisk  
  83  10:26  Hydralisk x8  
  97  10:33  Overseer  
  95  10:49  Nydus Canal  
  95  10:56  Infestation Pit, Drone  
  95  10:57  Drone  
Show
View Real Time Build Order
Export as new Build Order

WarpigxxxL Zerg - Winner!

Build Orders: Pool First 

Get SALT Encoding   

  12  0:08  Overlord  
  12  0:18  Drone  
  12  0:19  Drone  
  14  0:43  Drone  
  14  0:44  Drone  
  14  0:47  Drone  
  14  0:49  Spawning Pool  
  16  1:02  Drone  
  17  1:06  Drone  
  18  1:21  Hatchery  
  17  1:31  Drone x2, Extractor  
  18  1:42  Queen  
  20  1:48  Drone x2  
  22  2:05  Spine Crawler  
  22  2:07  Zergling x2  
  22  2:13  Overlord  
  22  2:27  Overlord  
  22  2:32  Extractor  
  21  2:44  Hatchery  
  20  2:49  Drone x2  
  20  2:50  Drone x2  
  24  2:59  Lair  
  24  3:04  Drone  
  25  3:08  Drone  
  25  3:10  Drone  
  27  3:32  Roach Warren  
  26  3:41  Zergling x10  
  28  3:42  Zergling x4  
  28  3:45  Drone  
  28  3:47  Drone  
  35  3:58  Baneling Nest  
  34  4:08  Nydus Network  
  33  4:15  Roach x2  
  37  4:18  Tunneling Claws  
  37  4:28  Drone x2  
  37  4:29  Drone  
  40  4:37  Centrifugal Hooks, Drone x3  
  43  5:15  Nydus Canal  
  43  5:18  Roach x3  
  43  5:20  Overlord x4  
  49  5:28  Zergling x2  
  49  5:29  Overlord  
  48  5:43  Roach x5  
  50  6:14  Roach x2  
  50  6:15  Roach x5  
  50  6:16  Roach x2  
  68  6:19  Nydus Canal  
  67  6:28  Burrow  
  59  6:35  Roach  
  49  7:00  Roach  
  49  7:01  Roach x5  
  55  7:02  Zergling x6  
  58  7:17  Metabolic Boost  
  52  7:31  Roach x2  
  52  7:32  Zergling x8  
  52  7:36  Overseer  
  60  7:49  Drone x5  
  65  7:52  Extractor  
  65  7:55  Extractor  
  65  7:57  Drone x4  
  67  8:03  Nydus Canal  
  67  8:07  Roach  
  67  8:08  Roach x2  
  67  8:09  Zergling x6  
  71  8:29  Roach  
  71  8:30  Roach, Spore Crawler x4  
  71  8:31  Spore Crawler x2  
  41  8:45  Roach x3  
  47  8:53  Roach  
  47  8:54  Roach  
  49  9:02  Roach  
  49  9:13  Nydus Canal  
  49  9:30  Nydus Canal  
  49  9:33  Roach x6  
  59  9:49  Roach x2  
  59  9:51  Queen  
  62  10:06  Roach x3  
  64  10:17  Roach x3  
  64  10:21  Roach x3  
  54  10:46  Hatchery  
  53  10:50  Nydus Canal  
Show
View Real Time Build Order
Export as new Build Order

Bidonooa Protoss 

Build Orders:  

Get SALT Encoding   

  12  0:01  Probe (Chrono Boost)  
  13  0:10  Probe (Chrono Boost)  
  14  0:19  Pylon  
  14  0:22  Probe  
  15  0:37  Probe  
  16  0:49  Probe  
  17  1:01  Probe  
  18  1:10  Nexus  
  18  1:13  Probe  
  19  1:24  Gateway  
  19  1:25  Probe  
  20  1:37  Probe  
  21  1:42  Pylon  
  21  1:49  Probe, Assimilator  
  21  1:53  Assimilator  
  22  2:01  Probe  
  23  2:13  Probe  
  24  2:16  Forge  
  24  2:21  Cybernetics Core  
  24  2:25  Probe  
  25  2:32  Probe  
  26  2:38  Probe  
  27  2:45  Probe  
  27  2:50  Probe  
  29  2:54  Photon Cannon  
  29  2:57  Probe  
  30  3:02  Probe  
  31  3:08  Assimilator  
  31  3:09  Probe  
  32  3:14  Probe, Assimilator  
  33  3:21  Probe  
  33  3:26  Probe  
  35  3:33  Probe  
  36  3:38  Probe, Pylon  
  37  3:45  Probe  
  37  3:48  Stargate  
  38  3:50  Stargate, Probe  
  38  3:53  Pylon  
  39  3:57  Probe  
  39  4:02  Probe  
  41  4:09  Probe  
  42  4:14  Probe  
  43  4:21  Probe  
  44  4:26  Photon Cannon, Probe  
  45  4:33  Probe  
  45  4:36  Void Ray (Chrono Boost)  
  45  4:37  Void Ray (Chrono Boost)  
  54  4:39  Probe  
  55  4:45  Protoss Shields Level 1  
  55  4:46  Probe  
  55  4:47  Protoss Air Weapons Level 1 (Chrono Boost)  
  55  4:51  Probe  
  57  4:58  Probe  
  58  5:03  Probe  
  59  5:10  Probe  
  59  5:12  Nexus  
  60  5:15  Probe  
  60  5:20  Pylon  
  61  5:22  Probe  
  61  5:25  Pylon  
  62  5:29  Pylon  
  62  5:34  Pylon  
  62  5:38  Probe x2  
  66  5:44  Void Ray  
  70  5:50  Probe  
  70  5:54  Void Ray  
  71  6:03  Probe  
  72  6:15  Probe  
  73  6:27  Probe  
  78  6:38  Void Ray  
  78  6:51  Probe x2  
  80  6:55  Assimilator  
  80  6:57  Photon Cannon  
  80  6:58  Photon Cannon  
  80  7:00  Shield Battery  
  79  7:03  Probe  
  79  7:04  Probe, Shield Battery  
  79  7:05  Pylon  
  79  7:08  Assimilator  
  81  7:13  Assimilator  
  81  7:15  Probe  
  82  7:16  Probe  
  82  7:17  Pylon  
  91  7:26  Void Ray  
  91  7:27  Void Ray, Probe  
  91  7:28  Probe  
  91  7:29  Twilight Council  
  93  7:39  Probe  
  93  7:40  Probe  
  95  7:51  Probe  
  95  7:52  Probe  
  95  7:57  Photon Cannon  
  97  8:03  Probe  
  97  8:04  Probe  
  95  8:15  Probe  
  95  8:16  Probe  
  85  8:27  Probe  
  85  8:28  Probe  
  84  8:45  Probe  
  84  8:46  Probe  
  82  8:58  Probe x2  
  84  9:10  Photon Cannon, Probe  
  84  9:12  Shield Battery  
  85  9:30  Nexus  
  85  9:32  Probe  
  85  9:38  Probe  
  80  10:13  Pylon  
  80  10:25  Pylon  
  80  10:28  Stargate  
  80  10:29  Stargate  
  80  10:33  Stargate  
  80  10:41  Probe  
  81  10:53  Probe  
Show
View Real Time Build Order
Export as new Build Order

yalexand Terran 

Build Orders:  

Get SALT Encoding   

  12  0:00  SCV  
  13  0:12  SCV  
  14  0:24  Supply Depot  
  14  0:25  SCV  
  15  0:30  Refinery  
  15  0:45  SCV  
  15  0:49  Barracks  
  16  0:57  SCV  
  17  1:09  SCV  
  18  1:22  SCV  
  19  1:36  Barracks Reactor  
  19  1:43  Orbital Command  
  19  1:55  Supply Depot  
  19  2:12  Command Center  
  19  2:16  Factory  
  19  2:19  Marine x2  
  21  2:48  Marine x2  
  23  2:56  Refinery  
  23  3:01  Supply Depot, SCV  
  24  3:06  Marine x2  
  26  3:24  Marine x2, Starport  
  28  3:42  Marine  
  28  3:43  Marine  
  28  3:45  Factory Tech Lab  
  28  3:47  SCV  
  31  4:02  SCV  
  32  4:07  Starport Reactor  
  32  4:15  Engineering Bay  
  32  4:17  Siege Tank  
  32  4:20  SCV  
  36  4:30  Orbital Command  
  36  4:32  SCV  
  37  4:43  Medivac  
  39  4:45  Medivac  
  41  4:56  SCV  
  42  5:08  SCV  
  42  5:13  Medivac  
  45  5:15  Medivac  
  47  5:32  Armory  
  47  5:36  Missile Turret  
  47  6:12  Marine x2  
  47  6:14  Siege Tank  
  43  6:30  Marine x2  
  44  6:46  Siege Tank  
  47  6:48  Marine x2  
  49  7:00  Supply Depot  
  49  7:05  Marine  
  49  7:06  Marine  
  51  7:20  Medivac  
  51  7:21  Medivac  
  55  7:23  Marine x2  
  57  7:41  Marine x2  
  59  7:52  SCV x2  
  61  7:59  Marine  
  62  8:06  Supply Depot  
  62  8:25  SCV x2  
  62  8:27  Marine x2  
  54  8:37  SCV  
  54  8:39  Siege Tank  
  53  8:44  Marine  
  53  8:45  Marine  
  54  8:49  SCV  
  52  9:02  Marine  
  52  9:03  SCV  
  52  9:08  Refinery  
  50  9:25  SCV  
  50  9:29  Command Center  
  51  9:37  SCV  
  36  10:15  Marine x2  
  36  10:16  Siege Tank  
  34  10:32  Marine  
  34  10:33  Marine  
  32  10:50  Marine  
Tags
 
Add a new tag
Caveats
  • Supply blocks, unpowered buildings, or Contaminate may cause inaccurate times.
  • Supply counts are checked every 10 seconds.